 Dungeon Sprint DCSS version 0.19.5 (webtiles) character file.

840 JeffiDaFish the Protected (level 8, -3/60 HPs)
             Began as a Gargoyle Fighter on Dec 9, 2017.
             Slain by a glaive of distortion (15 damage)
             ... in the Dungeon (Sprint V: "Ziggurat Sprint").
             The game lasted 00:01:44 (248 turns).

JeffiDaFish the Protected (Gargoyle Fighter)         Turns: 248, Time: 00:01:44

Health: -3/60      AC: 31    Str: 19    XL:     8   Next: 0%
Magic:  11/11      EV:  4    Int: 10    God:
Gold:   0          SH:  0    Dex: 11    Spells: 0 memorised, 11 levels left

rFire  + + .     SeeInvis .     D - +7 great mace "Firestarter" {inner flame, rF++}
rCold  . . .     Gourm    .     l - +5 crystal plate armour
rNeg   + . .     Faith    .     (shield currently unavailable)
rPois  ∞         Spirit   .     (no helmet)
rElec  +         Reflect  .     (no cloak)
rCorr  .         Harm     .     (no gloves)
MR     .....     NoTele   +     (no boots)
Stlth  ..........               (no amulet)
                                (no ring)
                                (no ring)

@: liquid flames, glowing
A: negative energy resistance 1, electricity resistance, unbreathing,
petrification resistance, rot immunity, AC +5
a: no special abilities


You were in the Dungeon.
You were not hungry.

You visited 1 branch

Inventory:

Hand Weapons
 D - the +7 great mace "Firestarter" (weapon) {inner flame, rF++}
   (You found it in the Dungeon)

   It has been specially enchanted to burn those struck by it, causing extra
   injury to most foes and up to half again as much damage against particularly
   susceptible opponents.
   It greatly protects you from fire.
Armour
 l - a +5 crystal plate armour (worn)
Jewellery
 x - a +6 ring of dexterity
 y - a +6 ring of dexterity
 z - a +6 ring of intelligence
 A - a +6 ring of intelligence
 B - a +6 ring of strength
 C - a +6 ring of strength
Scrolls
 c - 4 scrolls of amnesia
 k - 4 scrolls of blinking
 m - 3 scrolls of recharging
 n - 7 scrolls of fog
 o - a scroll of holy word
 p - 5 scrolls of identify
 q - 5 scrolls of remove curse
 r - 2 scrolls of fear
Potions
 d - 6 potions of might
 e - 10 potions of curing
 g - 10 potions of heal wounds
 h - 8 potions of haste
 i - 7 potions of magic
 j - 2 potions of berserk rage
 s - 2 potions of brilliance
 t - 2 potions of invisibility
 u - 4 potions of resistance
 w - 5 potions of agility
Comestibles
 a - 42 fruits
 b - 4 meat rations
 f - 5 bread rations
 v - 8 chunks of flesh


   Skills:
 + Level 11.2 Fighting
 + Level 8.4 Maces & Flails
 + Level 11.3 Armour
 + Level 3.3 Dodging
   Level 3.2 Shields
 + Level 2.4 Spellcasting


You had 11 spell levels left.
You didn't know any spells.

Dungeon Overview and Level Annotations

Branches:
Dungeon (1/1)

Altars:
Ashenzari
Cheibriados
Dithmenos
Elyvilon
Fedhas
Gozag
Hepliaklqana
Kikubaaqudgha
Makhleb
Nemelex Xobeh
Okawaru
Qazlal
Ru
Sif Muna
Trog
Uskayaw
Vehumet
Xom
Yredelemnul
Zin
The Shining One
Beogh
Jiyva
Lugonu


Innate Abilities, Weirdness & Mutations

You are resistant to torment.
Your stone body is resilient. (AC +5)
You are immune to poison.
You resist negative energy. (rN+)
You are resistant to electric shocks. (rElec)
You can survive without breathing.
You are immune to petrification.
You are immune to rotting.


Message History

The glaive of distortion resists.
The glaive of distortion is lightly damaged.
The fiery explosion engulfs the fire elemental.
The fire elemental completely resists.
The fiery explosion engulfs you! You resist.
Your Maces & Flails skill increases to level 8!
You have reached level 8!
You feel clever. The water engulfing you falls away.
The glaive of distortion hits you. Space warps horribly around you!
* * * LOW HITPOINT WARNING * * *
The fire elemental hits you.
The deep elf archer blinks!
The deep elf mage points at you and mumbles some strange words.
The sticky flame hits you! You resist.
You are covered in liquid flames!
* * * LOW HITPOINT WARNING * * *
The deep elf mage hits you but does no damage.
The glaive of distortion is engulfed in roaring flames.
The glaive of distortion hits you!
You die...

▓.....▓.....▓...).▓
▓...÷.▓.....▓.....▓
▓.....▓.....▓▓▓▓▓▓▓
▓▓▓▓▓▓▓▓▓▓▓▓▓▓▓▓▓▓▓
▓..8©8...▓..8©8...▓
▓..|[}...▓..):)...▓
▓...}....▓.§§.}...▓
▓........▓.§.(...e▓
▓..†.÷...▓.§E@§...▓
▓........▓...ee...▓
▓........▓...(....▓
▓▓▓▓▓▓▓▓▓▓▓▓▓▓▓▓▓▓▓


You could see a deep elf archer, 2 deep elf magi, a fire elemental and a glaive
of distortion.

Vanquished Creatures
  A spriggan (D)
  A water elemental (D)
  2 porcupines (D)
  A phantom (D)
  A necrophage (D)
  A wolf (D)
  2 iguanas (D)
  2 river rats (D)
  2 jackals (D)
  A leopard gecko skeleton (D)
14 creatures vanquished.

Vanquished Creatures (others)
  A spatial maelstrom (D)
1 creature vanquished.

Grand Total: 15 creatures vanquished

Notes
Turn   | Place    | Note
-------+----------+-------------------------------------------
     0 | D        | JeffiDaFish the Gargoyle Fighter began the quest for the Orb.
     0 | D        | Reached XP level 1. HP: 14/14 MP: 1/1
     2 | D        | Banished a spatial maelstrom
    21 | D        | Found a blossoming altar of Fedhas.
    22 | D        | Found a viscous altar of Jiyva.
    22 | D        | Found a hazy altar of Hepliaklqana.
    22 | D        | Found an opulent altar of Gozag.
    22 | D        | Found an ancient bone altar of Kikubaaqudgha.
    22 | D        | Found a corrupted altar of Lugonu.
    27 | D        | Found a burning altar of Makhleb.
    30 | D        | Found a sacrificial altar of Ru.
    30 | D        | Found a stormy altar of Qazlal.
    30 | D        | Found a deep blue altar of Sif Muna.
    30 | D        | Found an iron altar of Okawaru.
    30 | D        | Found a bloodstained altar of Trog.
    30 | D        | Found a sparkling altar of Nemelex Xobeh.
    56 | D        | Reached XP level 2. HP: 20/20 MP: 1/5
    62 | D        | Entered arena 1.
    62 | D        | Noticed a wolf
    62 | D        | Noticed a spriggan
    68 | D        | Killed a wolf
    68 | D        | Killed a spriggan
    68 | D        | Reached skill level 5 in Maces & Flails
    68 | D        | Reached XP level 3. HP: 29/29 MP: 2/6
    68 | D        | Reached XP level 4. HP: 35/35 MP: 2/7
    68 | D        | Reached XP level 5. HP: 39/39 MP: 2/8
    68 | D        | Reached XP level 6. HP: 45/45 MP: 2/9
    98 | D        | Entered arena 2.
    98 | D        | Noticed a necrophage
    98 | D        | Noticed a phantom
   108 | D        | Killed a phantom
   114 | D        | Killed a necrophage
   121 | D        | Entered arena 3.
   121 | D        | Noticed a porcupine
   121 | D        | Noticed a porcupine
   124 | D        | Killed a porcupine
   124 | D        | Reached skill level 10 in Fighting
   124 | D        | Reached skill level 10 in Armour
   124 | D        | Reached XP level 7. HP: 45/53 MP: 10/10
   221 | D        | Entered arena 4.
   243 | D        | Entered arena 5.
   243 | D        | Noticed a water elemental
   243 | D        | Noticed a deep elf mage
   243 | D        | Noticed a deep elf mage
   243 | D        | Noticed a deep elf archer
   243 | D        | Noticed a glaive of distortion
   248 | D        | Noticed a fire elemental
   248 | D        | Killed a water elemental
   248 | D        | Reached XP level 8. HP: 25/60 MP: 11/11
   248 | D        | Slain by a glaive of distortion

Skill      XL: |  1  2  3  4  5  6  7 |
---------------+----------------------+-----
Fighting       | 4 7 8 10 11 | 11.2
Maces & Flails | 3 5 7 8 |  8.4
Armour         | 4 7 8 10 11 | 11.3
Dodging        | 3 |  3.3
Spellcasting   | 2 |  2.4
Shields        | |  3.2

Action                   |  1- 3 |  4- 6 |  7- 9 || total
-------------------------+-------+-------+-------++-------
Melee: Great mace        |     5 |    18 |    17 ||    40
  Use: Potion            |     2 |       |       ||     2
Armor: Crystal plate arm |     7 |    43 |    41 ||    91
Dodge: Dodged            |     5 |     7 |     7 ||    19
